 Dungeon Crawl Stone Soup version 0.21.0-3-g78d12a8 (webtiles) character file.

75 Television the Insei (level 3, -9/27 HPs)
             Began as a Demigod Transmuter on Jan 15, 2018.
             Mangled by an orc
             ... wielding a +0 mace
              (10 damage)
             ... on level 3 of the Dungeon.
             The game lasted 00:03:54 (1793 turns).

Television the Insei (Demigod Transmuter)           Turns: 1793, Time: 00:03:55

Health: -9/27      AC:  2    Str: 13    XL:     3   Next: 88%
Magic:  4/8        EV: 12    Int: 19    God:
Gold:   68         SH:  0    Dex: 16    Spells: 3/6 levels left

rFire    . . .     SeeInvis .     - Unarmed
rCold    . . .     Gourm    .   (no shield)
rNeg     . . .     Faith    .   b - +0 robe
rPois    .         Spirit   .   (no helmet)
rElec    .         Reflect  .   (no cloak)
rCorr    .         Harm     .   (no gloves)
MR       .....                  (no boots)
Stlth    +.........             (no amulet)
HPRegen  0.09/turn              m - ring of wizardry
MPRegen  0.11/turn              (no ring)

@: no status effects
A: high mp 1
a: no special abilities


You were on level 3 of the Dungeon.
You were not hungry.

You visited 1 branch of the dungeon, and saw 3 of its levels.

You collected 68 gold pieces.

Inventory:

Missiles
 a - 8 arrows
 f - a throwing net (quivered)
Armour
 b - a +0 robe (worn)
Jewellery
 m - a ring of wizardry (left hand)
Scrolls
 e - 3 scrolls of identify {unknown}
 g - 4 scrolls of fear
 n - a scroll of blinking {unknown}
Potions
 h - a potion of degeneration {unknown}
 i - 3 potions of invisibility {unknown}
 j - a potion of curing {unknown}
 k - a potion of might {unknown}
Books
 c - a book of Changes

   Spells                             Type                      Level
   a - Beastly Appendage              Transmutation                1
   b - Sticks to Snakes               Transmutation                2
   c - Spider Form                    Transmutation/Poison         3
   d - Ice Form                       Ice/Transmutation            4
   e - Blade Hands                    Transmutation                5
Comestibles
 d - a ration
 l - 2 chunks of flesh


   Skills:
 - Level 0.8 Fighting
 - Level 1.7 Dodging
 * Level 3.7 Unarmed Combat
 * Level 2.1 Spellcasting
 - Level 2.8 Transmutations


You had 3 spell levels left.
You knew the following spells:

 Your Spells              Type           Power        Failure   Level  Hunger
a - Beastly Appendage     Tmut           ##....       2%          1    #......
b - Sticks to Snakes      Tmut           ##......     3%          2    ##.....


Dungeon Overview and Level Annotations

Branches:
Dungeon (3/15)


Innate Abilities, Weirdness & Mutations

You have an increased reservoir of magic. (+10% MP)


Message History

You hit the orc wizard.
The orc wizard is heavily wounded.
The orc wizard closely misses you.
You barely miss the orc wizard.
The orc wizard is heavily wounded.
The orc wizard hits you but does no damage. x2
You miss the orc wizard.
The orc wizard is heavily wounded.
The orc wizard hits you with a short sword.
You hit the orc wizard.
You kill the orc wizard!
Your Spellcasting skill increases to level 2!
You hit the orc.
The orc is moderately wounded.
The orc hits you with a mace!
* * * LOW HITPOINT WARNING * * *
You barely miss the orc.
The orc is moderately wounded.
The orc hits you with a mace!
You die...

###.# #.# ###.# #.# ###
....# #.## #.. ###.#
#..# #.# #.# ##.# #.#
#.# #.# #.# #.# #.# #.#
###.# #.# #.# #...# #.#
#@# #.#.# #.# #o#
#...#####.# #.#
#(.......######)###...
##........#...........#
#
..........o.####.###..#
. ......<...### #.#
..#.# ..........# #.#
..#.# ##.###.##.# #..
...#


You could see an orc.

Vanquished Creatures
  An orc wizard (D:3)
  An ooze (D:1)
  3 dart slugs (D:1)
  3 orcs (D:3)
  3 bats
  2 giant cockroaches (D:1)
  7 goblins
  7 hobgoblins
  2 jackals (D:1)
  2 frilled lizards
  2 kobolds
  2 rats
35 creatures vanquished.

Vanquished Creatures (collateral kills)
  An orc (D:3)
1 creature vanquished.

Grand Total: 36 creatures vanquished

Notes
Turn   | Place    | Note
-------+----------+-------------------------------------------
     0 | D:1      | Television the Demigod Transmuter began the quest for the Orb.
     0 | D:1      | Reached XP level 1. HP: 15/15 MP: 5/5
   360 | D:1      | Reached skill level 3 in Unarmed Combat
   694 | D:1      | Reached XP level 2. HP: 21/22 MP: 7/7
   700 | D:1      | Learned a level 2 spell: Sticks to Snakes
  1040 | D:1      | Reached XP level 3. HP: 23/27 MP: 6/8
  1377 | D:2      | Found an iron altar of Okawaru.
  1792 | D:3      | HP: 1/27 [orc/mace (9)]
  1793 | D:3      | Mangled by an orc

Skill      XL: |  1  2  3 |
---------------+----------+-----
Transmutations | 2 |  2.8
Unarmed Combat | 3 |  3.7
Spellcasting   | 2 |  2.1
Fighting       | |  0.8
Dodging        | |  1.7

Action                   || total
-------------------------++-------
Melee: Unarmed           ||   125
       Kick              ||     9
       Punch             ||     2
 Cast: Beastly Appendage ||     9
       Sticks to Snakes  ||     4
  Use: Scroll            ||     1
  Eat: Chunk             ||     3
Armor: Robe              ||    18
Dodge: Dodged            ||    68
